AoeStats
← darthfunk85

Black Forest

509717023Analyzed
4v4 RM · 4d ago on Sep 27, 2026· 23m 7s· 8 players
Game mode
Random Map
Map size
Large (8 player)
Population
200
Speed
Normal
Resources
Standard
Victory
Conquest
Starting age
Dark Age
Ending age
Imperial Age
RankedLock teamsTeams togetherTeam positionsShared explorationLock speedFull tech treeHidden civsTurbo modeCheats
Victory
Defeat
🇧🇷 Lithuanians · Brazil
757
+11
🇧🇷 Mapuche · Brazil
632
+16
🇧🇷 Malay · Brazil
632
+16
🇧🇷 Goths · Brazil
621
+16
🇺🇸 Huns · United States
670
-16
🇲🇦 Saracens · Morocco
660
-16
🇺🇸 Franks · United States
624
-14
🇺🇸 Danes · United States
588
-13
darthfunk85
13:01 Feudal Age
17:40 Double-Bit Axe
17:41 Horse Collar
likewegnu
19:03 Feudal Age
19:39 Town Watch
jla
0:53 Loom
13:36 Feudal Age
15:44 Wheelbarrow
15:11 Double-Bit Axe
15:10 Horse Collar
15:50 Gold Mining
19:04 Stone Mining
23:48 Castle Age
MONSTAR36
1:11 Loom
16:06 Feudal Age
18:04 Wheelbarrow
17:34 Double-Bit Axe
GoldGuigz
14:54 Feudal Age
15:48 Horse Collar
18:25 Wheelbarrow
18:19 Double-Bit Axe
18:27 Gold Mining
21:47 Stone Mining
24:55 Castle Age
TIAO MARMITA
0:31 Loom
16:41 Feudal Age
23:37 Castle Age
21:27 Horse Collar
21:56 Gold Mining
22:49 Wheelbarrow
SoulCrush
0:27 Loom
16:42 Feudal Age
TioViniBlaus
8:23 Loom
11:49 Feudal Age
15:50 Forging
20:22 Scale Barding Armor
23:27 Castle Age
23:16 Scale Barding Armor
23:32 Double-Bit Axe
Connection lost

Rejoining the realm…

Still unreachable

The connection could not be restored.

Session expired

The server has moved on; the page needs a fresh start.